 Dungeon Crawl Stone Soup version 0.24-a0-583-g87330a4 (webtiles) character file.

Game seed: 6466818351254501058, levelgen mode: deterministic

198 ThunderFist the Skirmisher (level 5, -2/35 HPs)
             Began as a Gargoyle Fighter on Aug 28, 2019.
             Slain by an ogre
             ... wielding a cursed +0 giant spiked club
              (27 damage)
             ... on level 4 of the Dungeon.
             The game lasted 00:04:40 (2590 turns).

ThunderFist the Skirmisher (Gargoyle Fighter)       Turns: 2590, Time: 00:04:41

Health: -2/35      AC: 11    Str: 26    XL:     5   Next: 76%
Magic:  5/5        EV:  7    Int:  8    God:
Gold:   266        SH: 11    Dex: 12    Spells: 4/4 levels left

rFire    . . .     SeeInvis .   a - +1 flail
rCold    . . .     Gourm    .   c - +1 shield
rNeg     + . .     Faith    .   b - +0 scale mail
rPois    ∞         Spirit   .   (no helmet)
rElec    +         Reflect  .   (no cloak)
rCorr    +         Harm     .   (no gloves)
MR       .....                  (no boots)
Stlth    ..........             (no amulet)
HPRegen  0.11/turn              g - ring of resist corrosion
MPRegen  0.09/turn              s - +3 ring of dexterity

@: mighty
A: negative energy resistance 1, electricity resistance, unbreathing,
petrification resistance, rot immunity, AC +4
a: no special abilities


You were on level 4 of the Dungeon.
You were not hungry.

You visited 1 branch of the dungeon, and saw 4 of its levels.

You collected 266 gold pieces.

Inventory:

Hand Weapons
 a - a +1 flail (weapon)
Missiles
 i - a throwing net
 m - 8 poisoned darts (quivered)
Armour
 b - a +0 scale mail (worn)
 c - a +1 shield (worn)
Jewellery
 g - a ring of resist corrosion (left hand)
 s - a +3 ring of dexterity (right hand)
Scrolls
 h - a scroll of enchant weapon
 l - 4 scrolls of identify
 n - a scroll of fear
Potions
 e - a potion of berserk rage {unknown}
 j - 2 potions of heal wounds
 k - a potion of flight {unknown}
 o - 2 potions of degeneration {unknown}
 p - a potion of lignification {unknown}
 q - a potion of magic {unknown}
 r - a potion of curing
Comestibles
 f - 7 rations


   Skills:
 * Level 5.0 Fighting
 + Level 3.1 Maces & Flails
 + Level 4.1 Armour
 + Level 4.2 Shields


You had 4 spell levels left.
You didn't know any spells.
Your spell library was empty.

Dungeon Overview and Level Annotations

Branches:
Dungeon (4/15)
 Temple: D:4-7

Altars:


Innate Abilities, Weirdness & Mutations

You are resistant to torment.
Your stone body is resilient. (AC +4)
You are immune to poison.
You resist negative energy. (rN+)
You are resistant to electric shocks. (rElec)
You can survive without breathing.
You are immune to petrification.
You are immune to rotting.


Message History

You kill the jackal!
There is a stone staircase leading up here.
Done exploring.
There is a stone staircase leading up here.
There is a stone staircase leading up here.
There is a stone staircase leading up here.
You eat one of the 8 rations.
That ration really hit the spot!
There is a stone staircase leading down here.
You start resting.
HP restored.
You climb downwards.
You hear the sound of rushing water.
There is an entrance to a sewer on this level.
Hurry and find it before the portal rusts away!
You hear the brisk rusting of a very distant drain.
The ogre hits you with a cursed +0 giant spiked club!
There is a stone staircase leading up here.
You feel very mighty all of a sudden.
The ogre hits you with a cursed +0 giant spiked club!!
Ouch! That really hurt!
You die...

#....# #.#
#.##.## ####.#
#.#.# #.##.# #.#
#.#.# #.##.# #.#
#.#.# #.##.# #.#
#.#.# #.# #.#
#.#.# #..
#.######.#.#
#.#.O....#.####.#
#...@...........#
###.####.######.#
#.# #.# #.# #.#
#.####># #....#.#
####.#†# #.#.#
#.#.#


You could see an ogre.

Vanquished Creatures
  An orc priest (D:3)
  An orc wizard (D:3)
  Jessica (D:3)
  3 adders (D:2)
  4 worms
  A dart slug (D:1)
  5 leopard geckos
  5 orcs
  A ball python (D:3)
  8 bats
  2 giant cockroaches
  5 goblins
  2 hobgoblins
  10 jackals
  A quokka (D:3)
  7 frilled lizards
  6 kobolds
  2 rats (D:1)
65 creatures vanquished.

Notes
Turn   | Place    | Note
-------+----------+-------------------------------------------
     0 | D:1      | ThunderFist the Gargoyle Fighter began the quest for the
                  | Orb.
     0 | D:1      | Reached XP level 1. HP: 14/14 MP: 1/1
   250 | D:1      | Reached XP level 2. HP: 17/19 MP: 2/2
   688 | D:1      | Reached XP level 3. HP: 24/24 MP: 3/3
  1005 | D:2      | Reached skill level 4 in Fighting
  1332 | D:2      | Reached XP level 4. HP: 21/29 MP: 4/4
  1743 | D:3      | Reached XP level 5. HP: 15/34 MP: 5/5
  1830 | D:3      | Noticed Jessica
  1839 | D:3      | Killed Jessica
  1839 | D:3      | Reached skill level 5 in Fighting
  2413 | D:4      | Noticed an ogre
  2590 | D:4      | Slain by an ogre

Levels and vault maps discovered:
D:1:      matt_arrival_spirals, layout_loops_corners, minmay_misc_feat_chi
D:2:      layout_loops_cross
D:3:      wander_river, layout_loops_ring, minmay_misc_feat_four_crosses,
          uniq_jessica
D:4:      layout_loops_ring, minmay_temple_entry_glass,
          cheibrodos_sewer_entry_bend, first_ration

Skill      XL: |  1  2  3  4  5 |
---------------+----------------+-----
Fighting       | 4 5 |  5.0
Armour         | 4 |  4.1
Shields        | 4 |  4.2
Maces & Flails | 3 |  3.1

Action                   |  1- 3 |  4- 6 || total
-------------------------+-------+-------++-------
Melee: Flail             |   138 |   174 ||   312
  Use: Scroll            |       |    10 ||    10
       Potion            |       |     4 ||     4
  Eat: Chunk             |     1 |     3 ||     4
       Ration            |       |     1 ||     1
Armor: Scale mail        |   100 |   128 ||   228
Dodge: Dodged            |    57 |    87 ||   144
Block: Shield            |    90 |   144 ||   234

Table legend:
 A = Non-vault XP
 B = Vault XP
 C = Vault XP percentage of total XP
 D = Non-vault monster count
 E = Vault monster count
 F = Vault count percentage of total count
                 A         B        C        D         E       F
            +---------+---------+-------+---------+---------+-------
      Total |     246 |      37 |  13.1 |      64 |       1 |   1.5
            +---------+---------+-------+---------+---------+-------
        D:1 |      39 |       0 |   0.0 |      22 |       0 |   0.0
        D:2 |      61 |       0 |   0.0 |      11 |       0 |   0.0
        D:3 |     140 |      37 |  20.9 |      28 |       1 |   3.4
        D:4 |       6 |       0 |   0.0 |       3 |       0 |   0.0
            +---------+---------+-------+---------+---------+-------
